 Dungeon Sprint DCSS version 0.23.2 (webtiles) character file.

Game seed: 18000004221871367422

315 1492 the Cleaver (level 6, 48/66 HPs)
             Began as a Deep Dwarf Fighter on Apr 6, 2019.
             Quit the game in the Dungeon (Sprint III: "The Ten Rune Challenge").
             The game lasted 00:01:47 (216 turns).

1492 the Cleaver (Deep Dwarf Fighter)                Turns: 216, Time: 00:01:47

Health: 48/66      AC:  6    Str: 22    XL:     6   Next: 20%
Magic:  5/5        EV:  7    Int:  8    God:
Gold:   19         SH:  9    Dex: 14    Spells: 5/5 levels left

rFire    + . .     SeeInvis .   a - +0 war axe
rCold    . . .     Gourm    .   c - +0 shield
rNeg     . . .     Faith    .   b - +0 scale mail
rPois    .         Spirit   .   (helmet restricted)
rElec    .         Reflect  .   (no cloak)
rCorr    .         Harm     .   (no gloves)
MR       .....     NoTele   +   (no boots)
Stlth    ..........             (no amulet)
HPRegen  0.00/turn              (no ring)
MPRegen  0.09/turn              (no ring)

@: non-regenerating
A: damage resistance, heal wounds, antennae 1, fangs 1, hooves 1, agile 1, fire
resistance 1, sense surroundings 1, no regeneration
a: Heal Wounds


You were in the Dungeon.
You were not hungry.

You visited 1 branch You collected 19 gold pieces.

Inventory:

Hand Weapons
 a - a +0 war axe (weapon)
Armour
 b - a +0 scale mail (worn)
 c - a +0 shield (worn)
Wands
 M - a wand of polymorph (5)
   (You took it off Jessica in the Dungeon)
Scrolls
 j - a scroll of immolation {unknown}
 k - a scroll of blinking {@r0}
 n - 2 scrolls of amnesia {unknown}
 o - 4 scrolls of remove curse {@r2}
 p - a scroll of torment {unknown}
 q - a scroll of enchant weapon {unknown}
Potions
 d - 2 potions of might
 e - a potion of curing {@q1}
 g - a potion of heal wounds {@q2}
 h - a potion of haste {!q@q5}
 i - 2 potions of magic
 l - 3 potions of mutation
 r - 2 potions of agility {unknown}
 s - 2 potions of flight
Comestibles
 f - 4 rations {!d}
 m - 4 chunks of flesh


   Skills:
 + Level 7.4 Fighting
 * Level 11.7 Axes
 - Level 3.2 Armour
 + Level 3.2 Shields


You had 5 spell levels left.
You didn't know any spells.
Your spell library was empty.

Dungeon Overview and Level Annotations

Branches:
Dungeon (1/1)

Altars:
Cheibriados
Fedhas
Gozag
Hepliaklqana
Makhleb
Nemelex Xobeh
Qazlal
Xom
Jiyva
Lugonu


Innate Abilities, Weirdness & Mutations

You are resistant to damage.
You can heal yourself by infusing magical energy.
You passively map a small area around you.
You do not regenerate.
You have a pair of small antennae on your head.
You have very sharp teeth.
You have large cloven feet.
You are agile. (Dex +2)
Your flesh is heat resistant. (rF+)


Message History

You feel stronger.
Unknown command.
You feel a strong urge to attack something.
You enter the shallow water.
Moving in this stuff is going to be slow.
You feel your anger nearly subside.
You are no longer berserk.
You are exhausted.
You feel yourself slow down.
Huge Dmg: -41%(-20hp) hp: 84%(40hp)
You enter the shallow water.
Moving in this stuff is going to be slow.
You open the door.
Found 19 gold pieces and 2 bubbling cyan potions.
There is an open door here.
You now have 6 gold pieces.
l - 2 potions of mutation (gained 1);
j - a scroll labeled CEGEEW CAZA
n - 2 scrolls labeled WOGELA OLUEBB;
o - 2 scrolls of remove curse {@r2}
f - 2 rations {!d} (gained 1);
l - 4 potions of mutation (gained 2)
d - 2 potions of might (gained 1)
You feel yourself speed up.
l - 5 potions of mutation (gained 1);
p - a scroll labeled ETZEXI ACKE
q - a scroll labeled NYGES MEPSO
o - 4 scrolls of remove curse {@r2} (gained 2)
f - 3 rations {!d} (gained 1);
r - 2 emerald potions;
s - 2 potions of flight You now have 19 gold pieces (gained 13).
There is an open door here.
Okay, then.
You recover from your berserk rage.
You enter the shallow water.
Moving in this stuff is going to be slow.
Why would you want to do that?
Really quaff the potion of mutation?
You feel extremely strange. A pair of antennae grows on your head!
Your body twists and deforms.
You feel resistant to cold.
You feel agile.
Unknown command.
Really quaff the potion of mutation?
You feel extremely strange.
Your body's shape seems more normal.
You no longer feel cold resistant.
You feel resistant to heat.
Your teeth lengthen and sharpen.
Your feet thicken and deform.
Unknown command.
There is an open door to the Ecumenical Temple here.
You open the door.
A jelly comes into view.
Found a ration.
A shadow comes into view.
There is an open door here.
Evoke which item? (* to show all) (? for menu, Esc to quit)
Okay, then.
Unknown command.
You hit the shadow.
The shadow is lightly damaged.
The shadow hits you!
Damage: -11%(-5hp) hp: 73%(35hp) Unknown command.
You barely miss the shadow. You kick the shadow, but do no damage.
You bite the shadow, but do no damage.
The shadow is lightly damaged.
The shadow barely misses you. You block the shadow's attack.
Unknown command.
You slice the jelly!!
You kill the jelly!
Your Fighting skill increases to level 6!
Your Axes skill increases to level 9!
You have reached level 5!
You hit the shadow but do no damage. The shadow hits you.
You hit the shadow but do no damage. You kick the shadow.
The shadow is lightly damaged.
The shadow hits you.
Unknown command.
You slash the shadow! Your kick misses the shadow.
The shadow is heavily damaged.
The shadow hits you.
You hit the shadow. Your kick misses the shadow. Your bite misses the shadow.
The shadow is heavily damaged.
The shadow barely misses you.
You slash the shadow!
You destroy the shadow!
Your Fighting skill increases to level 7!
Your Axes skill gained 2 levels and is now at level 11!
You have reached level 6!
Your experience leads to an increase in your attributes!
Your base attributes are Str 21, Int 8, Dex 12.
Increase (S)trength, (I)ntelligence, or (D)exterity?
You feel stronger.
Unknown command.
Unknown command.
f - 4 rations {!d} (gained 1)
You open the door.
A spatial vortex comes into view.
Found five altars.
Unknown command.
Setting a skill training target for Shields at 15.0.
Unknown command.
Unknown command.
Unknown command.
Found a sack of spiders.
Found five altars.
There is an open door here.
Are you sure you want to abandon this character and quit the game? (Confirm with "yes".)

..≈♣♣♣♣..###+#+###+##
,,,
.≈≈♣♣♣.♣.#..........#,,,
, ≈≈≈≈♣♣♣..'.⌠........#
* ≈≈≈≈≈≈♣..#...######'#
* *
≈≈≈≈≈....#.⌠.#__#...# *
* ≈≈≈≈.....#...#__#v..#
,≈ ≈≈.......#+###__#...#
.........# ,#__#...+,
.........#_ #__@...# * ,
▓▓▓▓▓▓▓▓▓▓* *▓▓▓▓▓▓▓▓ ≈
* , * ≈≈ ,{ ≈,≈ * ≈≈ + ≈
≈ ≈≈ ,, *** ≈≈≈ * * * *
* * * * * * * ,


You could see a spatial vortex.

Vanquished Creatures
  A shadow (D)
  A water elemental (D)
  A jelly (D)
  Jessica (D)
  A human (D)
  A wolf (D)
  3 rats (D)
9 creatures vanquished.

Vanquished Creatures (others)
  2 draconian scorchers (D)
  A yaktaur (D)
  6 hellions (D)
9 creatures vanquished.

Grand Total: 18 creatures vanquished

Notes
Turn   | Place    | Note
-------+----------+-------------------------------------------
     0 | D        | 1492 the Deep Dwarf Fighter began the quest for the Orb.
     0 | D        | Reached XP level 1. HP: 20/20 MP: 1/1
     7 | D        | Reached skill level 3 in Axes
    11 | D        | Noticed Jessica
    15 | D        | Killed Jessica
    15 | D        | Reached skill level 5 in Axes
    15 | D        | Reached XP level 2. HP: 30/30 MP: 2/2
    65 | D        | HP: 11/30 [wolf (2)]
    67 | D        | HP: 5/30 [wolf (1)]
    70 | D        | Reached skill level 6 in Axes
    70 | D        | Reached XP level 3. HP: 32/37 MP: 3/3
    96 | D        | Killed a hellion
    97 | D        | Killed a hellion
    97 | D        | Killed a hellion
    97 | D        | Killed a hellion
    97 | D        | Killed a hellion
   112 | D        | Reached skill level 7 in Axes
   116 | D        | Killed a hellion
   128 | D        | Noticed a water elemental
   132 | D        | Killed a water elemental
   132 | D        | Reached skill level 5 in Fighting
   132 | D        | Reached skill level 8 in Axes
   132 | D        | Reached XP level 4. HP: 48/48 MP: 3/3
   162 | D        | Killed a white draconian scorcher
   166 | D        | Killed a yaktaur
   170 | D        | Gained mutation: You have a pair of small antennae on your
                  | head. [potion of mutation]
   170 | D        | Gained mutation: Armour fits poorly on your strangely
                  | shaped body. [potion of mutation]
   170 | D        | Gained mutation: Your flesh is cold resistant. (rC+)
                  | [potion of mutation]
   170 | D        | Gained mutation: You are agile. (Dex +2) [potion of
                  | mutation]
   170 | D        | Killed a white draconian scorcher
   171 | D        | Lost mutation: Armour fits poorly on your strangely shaped
                  | body. [potion of mutation]
   171 | D        | Lost mutation: Your flesh is cold resistant. (rC+) [potion
                  | of mutation]
   171 | D        | Gained mutation: Your flesh is heat resistant. (rF+)
                  | [potion of mutation]
   171 | D        | Gained mutation: You have very sharp teeth. [potion of
                  | mutation]
   171 | D        | Gained mutation: You have large cloven feet. [potion of
                  | mutation]
   188 | D        | Noticed a shadow
   191 | D        | Reached skill level 9 in Axes
   191 | D        | Reached XP level 5. HP: 40/55 MP: 4/4
   195 | D        | Killed a shadow
   195 | D        | Reached skill level 11 in Axes
   195 | D        | Reached XP level 6. HP: 48/66 MP: 5/5
   204 | D        | Found a blossoming altar of Fedhas.
   204 | D        | Found a stormy altar of Qazlal.
   204 | D        | Found a snail-covered altar of Cheibriados.
   204 | D        | Found a burning altar of Makhleb.
   204 | D        | Found a shimmering altar of Xom.
   204 | D        | Noticed a spatial vortex
   215 | D        | Found a hazy altar of Hepliaklqana.
   215 | D        | Found an opulent altar of Gozag.
   215 | D        | Found a sparkling altar of Nemelex Xobeh.
   215 | D        | Found a corrupted altar of Lugonu.
   215 | D        | Found a viscous altar of Jiyva.
   216 | D        | Quit the game

Skill      XL: |  1  2  3  4  5 |
---------------+----------------+-----
Axes           | 5 6 8 9 11 | 11.7
Fighting       | 4 5 6 7 |  7.4
Armour         | |  3.2
Shields        | |  3.2

Action                   |  1- 3 |  4- 6 || total
-------------------------+-------+-------++-------
Melee: War axe           |    25 |     7 ||    32
       Unarmed           |     4 |       ||     4
       Kick              |       |     2 ||     2
       Bite              |       |     1 ||     1
 Abil: Heal Wounds       |     2 |       ||     2
  Use: Potion            |     1 |     2 ||     3
Armor: Scale mail        |     4 |     3 ||     7
Dodge: Dodged            |     9 |     2 ||    11
Block: Shield            |     9 |     1 ||    10
